 Dungeon Crawl Stone Soup version 0.22.1-1-ga44c0e56f4 (webtiles) character file.

2130 Divine the Carver (level 9, -13/69 HPs)
             Began as a Formicid Chaos Knight on Oct 9, 2018.
             Mangled by a manticore (14 damage)
             ... on level 8 of the Dungeon.
             The game lasted 00:39:17 (6774 turns).

Divine the Carver (Formicid Chaos Knight)           Turns: 6774, Time: 00:39:19

Health: -13/69     AC:  9    Str: 20    XL:     9   Next: 55%
Magic:  9/9        EV: 14    Int: 12    God:    Xom [......]
Gold:   601        SH:  9    Dex: 10    Spells: 8/8 levels left

rFire    . . .     SeeInvis +   h - +2 great sword (freeze)
rCold    + . .     Gourm    .   y - +0 shield
rNeg     + . .     Faith    .   b - +2 leather armour
rPois    +         Spirit   .   (helmet unavailable)
rElec    .         Reflect  .   A - +0 cloak
rCorr    .         Harm     .   x - +0 pair of gloves
MR       .....                  z - +2 pair of boots "Edyaq" {*Contam rC+ rN+}
Stlth    +++.......             g - amulet of the acrobat
HPRegen  0.21/turn              q - ring of poison resistance
MPRegen  0.11/turn              M - +3 ring of evasion

@: no status effects
A: permanent stasis, dig shafts and tunnels, four strong arms, antennae 3,
hooves 2, deformed body
a: Dig, Shaft Self, Renounce Religion


You were on level 8 of the Dungeon.
You worshipped Xom.
You were a very special plaything of Xom.
You were full.

You visited 1 branch of the dungeon, and saw 8 of its levels.

You collected 1572 gold pieces.
You spent 971 gold pieces at shops.

Inventory:

Hand Weapons
 a - a +0 falchion of chaos
 h - a +2 great sword of freezing (weapon)
 H - a +2 scimitar
 I - a +3 falchion of draining
Armour
 b - a +2 leather armour (worn)
 l - a +0 cloak
 x - a +0 pair of gloves (worn)
 y - a +0 shield (worn)
 z - the +2 pair of boots "Edyaq" (worn) {*Contam rC+ rN+}
   (You bought it in a shop on level 4 of the Dungeon)

   It protects you from cold.
   It protects you from negative energy.
   It causes magical contamination when unequipped.
 A - a +0 cloak (worn)
Magical Staves
 j - an uncursed staff of poison {unknown}
Jewellery
 g - an amulet of the acrobat (around neck)
 q - a ring of poison resistance (left hand)
 t - an uncursed ring of attention
 w - an uncursed ring of stealth
 E - an uncursed ring of wizardry
 M - a +3 ring of evasion (right hand)
 N - the ring of Tahia {*Slow rElec rC+ Str+2 Stlth+}
   (You bought it in a shop on level 8 of the Dungeon)

   [ring of protection from cold]

   It affects your strength (+2).
   It protects you from cold.
   It insulates you from electricity.
   It may slow you when you take damage.
   It makes you more stealthy.
Wands
 o - a wand of digging (6)
 J - a wand of flame (12)
 K - a wand of random effects (35)
Scrolls
 e - 4 scrolls of teleportation
 k - 5 scrolls of noise
 p - a scroll of random uselessness
 B - 2 scrolls of identify
 C - a scroll of enchant armour {unknown}
 D - a scroll of fear
 F - a scroll of magic mapping
 G - a scroll of amnesia
Potions
 d - 2 potions of curing
 f - 2 potions of flight
 i - a potion of might {unknown}
 m - a potion of lignification
 n - 2 potions of heal wounds
 r - a potion of degeneration {unknown}
 s - a potion of berserk rage {unknown}
 u - a potion of haste
 v - a potion of brilliance {unknown}
Comestibles
 c - 5 rations


   Skills:
 + Level 5.7 Fighting
 * Level 8.7 Long Blades
 + Level 3.9 Armour
 + Level 3.4 Dodging
 + Level 5.7 Stealth
 * Level 4.1 Shields


You had 8 spell levels left.
You didn't know any spells.
Your spell library contained the following spells:

 Spells                   Type           Power        Failure   Level  Hunger
 Animate Skeleton         Necr           N/A          73%         1    ##.....
 Apportation              Tloc           #.....       73%         1    ##.....
 Confusing Touch          Hex            #.....       73%         1    ##.....
 Summon Small Mammal      Summ           #...         73%         1    ##.....


Dungeon Overview and Level Annotations

Branches:
Dungeon (8/15)             Temple (0/1) D:7
   Lair: D:8-11

Altars:
Ashenzari
Fedhas
Nemelex Xobeh
Trog
Wu Jian

Shops:
D:4 [   D:8 =


Innate Abilities, Weirdness & Mutations

You cannot be hasted, slowed, berserked, paralysed or teleported.
You can dig through walls and to a lower floor.
Your four strong arms can wield two-handed weapons with a shield.
You have a pair of large antennae on your head. (SInv)
You have hoof-like feet.
Armour fits poorly on your strangely shaped body.


Message History

The manticore bites you!! The manticore claws you!
* * * LOW HITPOINT WARNING * * *
You block the manticore's attack.
You slash the manticore! You freeze the manticore.
The manticore is heavily wounded.
The crimson imp shouts!
You hear a shout!
The manticore closely misses you.
You riposte.
You barely miss the manticore.
The manticore is heavily wounded.
The manticore claws you.
* * * LOW HITPOINT WARNING * * *
You block the manticore's attack.
You hit the manticore. You freeze the manticore.
The manticore is severely wounded.
You carefully extract the barbed spikes from your body.
The manticore bites you!
* * * LOW HITPOINT WARNING * * *
You block the manticore's attack. The manticore barely misses you.
The manticore bites you!
You die...
Xom is highly amused!

#... #..# #..# ..#
..# ##########.#
...........#
...(..##.#.#
.##..H@.#.#
..5...##.#.# ..##.
#.(#.# #. #.†#.# #
#...#.# ######
#...#.# #....#
..#.#.# #....#
#..#.#.####....###
..##.#..>.'....+.#


You could see a manticore and a crimson imp.

Vanquished Creatures
  2 hippogriffs
  A wyvern (D:6)
  An orc warrior (D:7)
  A sky beast (D:5)
  An ogre (D:6)
  A centaur (D:7)
  2 bullfrogs (D:6)
  A water moccasin zombie (D:7)
  3 scorpions
  4 wights (D:6)
  3 crimson imps
  A quasit (D:6)
  2 hounds
  An orc priest (D:4)
  Crazy Yiuf (D:4)
  Ijyb (D:5)
  An iguana (D:5)
  Natasha (twice) (D:3 D:4)
  5 orc wizards
  A worker ant zombie (D:5)
  7 adders
  4 gnolls (D:3)
  A river rat (D:8)
  3 shadow imps
  An ooze (D:2)
  An adder skeleton (D:5)
  4 worms
  A dart slug (D:1)
  4 leopard geckos
  13 orcs
  2 ball pythons (D:6)
  5 bats
  11 giant cockroaches
  10 goblins
  6 hobgoblins
  3 jackals (D:7)
  7 kobolds
  2 frilled lizards
  8 rats
  2 fungi (D:4)
130 creatures vanquished.

Vanquished Creatures (collateral kills)
  An orc priest (D:4)
  2 orc wizards (D:4)
  Natasha (D:4)
  5 orcs (D:4)
9 creatures vanquished.

Vanquished Creatures (others)
  A giant cockroach (D:1)
  3 plants (D:2)
4 creatures vanquished.

Grand Total: 143 creatures vanquished

Notes
Turn   | Place    | Note
-------+----------+-------------------------------------------
     0 | D:1      | Divine the Formicid Chaos Knight began the quest for the
                  | Orb.
     0 | D:1      | Reached XP level 1. HP: 18/18 MP: 1/1
   188 | D:1      | XOM: harmless Air miscast
   205 | D:1      | Reached XP level 2. HP: 24/24 MP: 2/2
   382 | D:1      | Reached XP level 3. HP: 29/30 MP: 3/3
   391 | D:1      | XOM: god gift: weird runed staff {god gift}
   638 | D:2      | XOM: noise
   657 | D:2      | XOM: summons 3 friendly demons
   982 | D:2      | Reached XP level 4. HP: 37/37 MP: 4/4
  1343 | D:2      | Found a shattered altar of Ashenzari.
  1347 | D:2      | Saw a vision of the Swamp and the Snake Pit.
  1347 | D:2      | Noticed an alligator
  1347 | D:2      | Noticed an alligator
  1347 | D:2      | Noticed a naga sharpshooter
  1347 | D:2      | Noticed a naga mage
  1347 | D:2      | Noticed a naga mage
  1347 | D:2      | Noticed an alligator
  1347 | D:2      | Noticed a naga sharpshooter
  1347 | D:2      | Noticed an alligator
  1347 | D:2      | Noticed an alligator
  1347 | D:2      | Noticed an alligator
  1349 | D:2      | Noticed a naga mage
  1438 | D:2      | Reached skill level 1 in Dodging
  1502 | D:3      | Reached skill level 4 in Long Blades
  1836 | D:3      | XOM: give mutation
  1836 | D:3      | Gained mutation: You are partially covered in molten
                  | scales. (AC +2) [Xom's grace]
  1845 | D:3      | Noticed Natasha
  1854 | D:3      | Killed Natasha
  1854 | D:3      | Reached skill level 1 in Stealth
  1854 | D:3      | Reached XP level 5. HP: 20/42 MP: 5/5
  2547 | D:3      | Found a sparkling altar of Nemelex Xobeh.
  2787 | D:4      | Reached skill level 5 in Long Blades
  2787 | D:4      | Reached XP level 6. HP: 33/49 MP: 6/6
  2833 | D:4      | XOM: cast spell 'Monstrous Menagerie'
  2867 | D:4      | Noticed Natasha
  2869 | D:4      | XOM: cloud trail
  2882 | D:4      | Killed Natasha
  2889 | D:4      | Noticed Natasha
  2901 | D:4      | XOM: cast spell 'Call Canine Familiar'
  2908 | D:4      | Killed Natasha
  2944 | D:4      | Found Ukag's Armour Shoppe.
  3072 | D:4      | Reached XP level 7. HP: 55/55 MP: 7/7
  3271 | D:4      | XOM: god gift: 1130 gold pieces
  3463 | D:3      | XOM: mild Air miscast
  3747 | D:5      | Entered Level 5 of the Dungeon
  3786 | D:4      | Bought the +2 pair of boots "Edyaq" {*Contam rC+ rN+} for
                  | 271 gold pieces
  3852 | D:4      | Found a runed door.
  3856 | D:4      | Noticed Crazy Yiuf
  3863 | D:4      | Killed Crazy Yiuf
  3863 | D:4      | Reached skill level 5 in Fighting
  3922 | D:5      | Found an ornate altar of the Wu Jian Council.
  3937 | D:5      | XOM: divination: detect creatures
  3989 | D:5      | Noticed Ijyb
  4009 | D:5      | XOM: cleaving
  4026 | D:5      | Reached skill level 1 in Shields
  4064 | D:5      | Killed Ijyb
  4117 | D:5      | XOM: cast spell 'Summon Butterflies'
  4121 | D:5      | XOM: enchant monster (good)
  4164 | D:5      | XOM: scenery: 1 doors open
  4165 | D:5      | Reached skill level 6 in Long Blades
  4175 | D:5      | Reached XP level 8. HP: 58/62 MP: 8/8
  4313 | D:5      | Lost mutation: You are partially covered in molten scales.
                  | (AC +2) [potion of mutation]
  4313 | D:5      | Gained mutation: Armour fits poorly on your strangely
                  | shaped body. [potion of mutation]
  4313 | D:5      | Gained mutation: Your spells are a little harder to cast,
                  | but a little more powerful. [potion of mutation]
  4403 | D:5      | Found a blossoming altar of Fedhas.
  4405 | D:5      | Found a bloodstained altar of Trog.
  4453 | D:5      | Found a sparkling altar of Nemelex Xobeh.
  4524 | D:6      | Noticed a wyvern
  4538 | D:6      | Killed a wyvern
  4648 | D:6      | XOM: confuse monster(s)
  4651 | D:6      | XOM: polymorph crimson imp -> quasit
  4652 | D:6      | Reached skill level 7 in Long Blades
  4787 | D:6      | XOM: enchant monster (bad)
  5097 | D:6      | Found a glowing drain.
  5362 | D:6      | Lost mutation: Armour fits poorly on your strangely shaped
                  | body. [potion of mutation]
  5362 | D:6      | Lost mutation: Your spells are a little harder to cast, but
                  | a little more powerful. [potion of mutation]
  5362 | D:6      | Gained mutation: Scrolls take you a little longer to read.
                  | [potion of mutation]
  5362 | D:6      | Gained mutation: Your mind is acute. (Int +2) [potion of
                  | mutation]
  5362 | D:6      | Gained mutation: Scrolls take you longer to read. [potion
                  | of mutation]
  5362 | D:6      | Gained mutation: Your spells are a little harder to cast,
                  | but a little more powerful. [potion of mutation]
  5377 | D:6      | Reached skill level 5 in Stealth
  5377 | D:6      | Reached XP level 9. HP: 65/68 MP: 9/9
  5385 | D:6      | Lost mutation: Scrolls take you longer to read. [potion of
                  | mutation]
  5385 | D:6      | Lost mutation: Scrolls take you a little longer to read.
                  | [potion of mutation]
  5385 | D:6      | Gained mutation: You have large cloven feet. [potion of
                  | mutation]
  5385 | D:6      | Lost mutation: Your spells are a little harder to cast, but
                  | a little more powerful. [potion of mutation]
  5385 | D:6      | Gained mutation: You have hoof-like feet. [potion of
                  | mutation]
  5547 | D:7      | Noticed a hippogriff
  5551 | D:7      | Killed a hippogriff
  5586 | D:7      | XOM: summons 1 hostile shadow creature
  5588 | D:7      | XOM: harmless Ice miscast
  5592 | D:7      | Reached skill level 8 in Long Blades
  5815 | D:7      | XOM: god gift: runed falchion {god gift}
  5855 | D:7      | XOM: enchant monster (good)
  5858 | D:7      | XOM: swap monsters
  5860 | D:7      | XOM: give mutation
  5860 | D:7      | Lost mutation: Your mind is acute. (Int +2) [Xom's
                  | mischief]
  6195 | D:7      | XOM: harmless Fire miscast
  6209 | D:7      | Found a staircase to the Ecumenical Temple.
  6333 | D:7      | XOM: give mutation
  6333 | D:7      | Gained mutation: Armour fits poorly on your strangely
                  | shaped body. [Xom's mischief]
  6672 | D:8      | Noticed a hippogriff
  6681 | D:8      | Killed a hippogriff
  6698 | D:8      | Found Zeni's Jewellery Shoppe.
  6710 | D:8      | Bought a cursed +3 ring of evasion for 216 gold pieces
  6710 | D:8      | Bought the ring of Tahia {*Slow rElec rC+ Str+2 Stlth+} for
                  | 484 gold pieces
  6762 | D:8      | XOM: polymorph quokka -> river rat
  6764 | D:8      | Noticed a manticore
  6774 | D:8      | HP: 1/69 [manticore (17)]
  6774 | D:8      | Mangled by a manticore

Skill      XL: |  1  2  3  4  5  6  7  8  9 |
---------------+----------------------------+-----
Fighting       | 4 5 |  5.7
Dodging        | 1 2 3 |  3.4
Long Blades    | 4 5 6 7 8 |  8.7
Stealth        | 1 2 3 5 |  5.7
Armour         | 3 |  3.9
Shields        | 1 3 4 |  4.1

Action                   |  1- 3 |  4- 6 |  7- 9 || total
-------------------------+-------+-------+-------++-------
Melee: Falchion          |    68 |   136 |   194 ||   398
       Scimitar          |       |       |     5 ||     5
       Great sword       |       |       |    54 ||    54
 Abil: Dig               |       |       |    12 ||    12
  Use: Scroll            |       |       |    12 ||    12
       Potion            |       |       |     6 ||     6
 Stab: Paralysed         |     2 |     2 |     2 ||     6
       Distracted        |       |     1 |       ||     1
       Sleeping          |       |     3 |     9 ||    12
       Petrified         |       |       |     3 ||     3
       Petrifying        |       |       |     2 ||     2
       Confused          |       |       |     2 ||     2
  Eat: Ration            |       |     2 |     6 ||     8
Armor: Leather armour    |    16 |    30 |    66 ||   112
Dodge: Dodged            |    43 |    90 |   111 ||   244
Block: Shield            |       |       |    97 ||    97
       Rpst.: Falchion   |     8 |    24 |    21 ||    53
       Scimitar          |       |       |     3 ||     3
       Great sword       |       |       |    11 ||    11
